 Dungeon Crawl Stone Soup version 0.25.1-2-g60ff931df9 (webtiles) character file.

Game seed: 2988029494889051986

4251 GameOver the Covert (level 10, -1/75 HPs)
             Began as a Naga Wizard on Aug 26, 2020.
             Was a Believer of Kikubaaqudgha.
             Killed by nerve-wracking pain
             ... invoked by Grinder
              (10 damage)
             ... on level 6 of the Dungeon.
             The game lasted 00:38:21 (4631 turns).

GameOver the Covert (Naga Wizard)                   Turns: 4631, Time: 00:38:22

Health: -1/75      AC:  4    Str: 12    XL:     10   Next: 31%
Magic:  3/20       EV: 10    Int: 21    God:    Kikubaaqudgha [**....]
Gold:   316        SH:  0    Dex: 12    Spells: 13/22 levels left

rFire    . . .     SeeInvis +   W - +2 whip (elec)
rCold    + . .     Gourm    .   (no shield)
rNeg     . . .     Faith    .   a - +0 robe
rPois    +         Spirit   .   b - +0 hat
rElec    .         Reflect  .   (no cloak)
rCorr    .         Harm     .   (no gloves)
MR       +....                  (no barding)
Stlth    ++++......             j - amulet of magic regeneration
HPRegen  0.22/turn              g - ring of protection from cold
MPRegen  0.42/turn              (no ring)

@: stab, very slightly contaminated, very slow
A: large, horns 1, see invisible, agile 1, deformed body, poison resistance,
slowness 2, slow metabolism 1, spit poison 1, strong 1, AC +3
a: Spit Poison, Receive Corpses, Renounce Religion


You were on level 6 of the Dungeon.
You worshipped Kikubaaqudgha.
Kikubaaqudgha was pleased with you.
You were not hungry.

You visited 2 branches of the dungeon, and saw 9 of its levels.

You collected 316 gold pieces.

Inventory:

Hand Weapons
 s - a +0 spear
 w - a +4 dagger of venom
 x - a +2 flail of draining
 W - a +2 whip of electrocution (weapon)
Armour
 a - a +0 robe (worn)
 b - a +0 hat (worn)
 B - a +2 robe of fire resistance
Jewellery
 g - a ring of protection from cold (left hand)
 j - an amulet of magic regeneration (around neck)
 t - an uncursed amulet of reflection
 y - an uncursed ring of fire
 z - a cursed amulet of inaccuracy {unknown}
Wands
 c - a wand of clouds (3)
 o - a wand of paralysis (10)
Scrolls
 e - a scroll of amnesia {unknown}
 h - a scroll of blinking {unknown}
 i - 2 scrolls of enchant weapon
 k - 2 scrolls of teleportation
 l - 3 scrolls of magic mapping {unknown}
 p - 3 scrolls of enchant armour
 r - 2 scrolls of remove curse
 u - 2 scrolls of random uselessness {unknown}
Potions
 f - a potion of brilliance
 m - 3 potions of curing
 n - a potion of magic
Comestibles
 d - 8 rations
 v - 5 chunks of flesh


   Skills:
 - Level 1.5 Dodging
 + Level 10.8 Stealth
 + Level 6.7 Spellcasting
 - Level 6.0 Conjurations
   Level 1.0 Summonings
 + Level 6.3 Necromancy
 - Level 1.0 Translocations
 - Level 9.0 Poison Magic


You had 13 spell levels left.
You knew the following spells:

 Your Spells              Type           Power        Failure   Level  Hunger
a - Magic Dart            Conj           ####         1%          1    None
b - Blink                 Tloc           N/A          9%          2    None
d - Mephitic Cloud        Conj/Pois/Air  ####....     3%          3    #......
f - Conjure Flame         Conj/Fire      ###.....     8%          3    #......

Your spell library contained the following spells:

 Spells                   Type           Power        Failure   Level  Hunger
 Animate Skeleton         Necr           N/A          1%          1    None
 Pain                     Necr           ####         1%          1    None
 Searing Ray              Conj           ####..       1%          2    None
 Sublimation of Blood     Necr           ####......   1%          2    None
 Vampiric Draining        Necr           ####......   1%          3    #......
 Dazzling Flash           Conj/Hex       ###...       8%          3    #......
 Call Imp                 Summ           ##......     9%          2    None
 Slow                     Hex            #.......     14%         2    None
 Iskenderun's Mystic Bla  Conj/Tloc      ###.....     22%         4    ###....
 Fulminant Prism          Conj/Hex       ###.......   26%         4    ###....


Dungeon Overview and Level Annotations

Branches:
Dungeon (8/15)             Temple (1/1) D:4
   Lair: D:8-11

Altars:
Ashenzari
Cheibriados
Dithmenos
Elyvilon
Fedhas
Gozag
Hepliaklqana
Kikubaaqudgha
Makhleb
Nemelex Xobeh
Okawaru
Qazlal
Sif Muna
Trog
Uskayaw
Vehumet
Wu Jian
Xom
Yredelemnul
Zin
The Shining One

Annotations:
D:6 Grinder
D:7 Maggie


Innate Abilities, Weirdness & Mutations

You cannot wear boots.
Your serpentine skin is tough. (AC +3)
You have supernaturally acute eyesight. (SInv)
Armour fits poorly on your strangely shaped body.
Your system is resistant to poisons. (rPois)
You cover ground very slowly.
You have a slow metabolism.
You can spit poison.
You have a pair of small horns on your head.
You are agile. (Dex +2)
Your muscles are strong. (Str +2)


Message History

Aim: Grinder (severely wounded)
The magic dart hits Grinder.
Grinder is almost dead.
Casting: Magic Dart (safe; 1% risk of failure)
Confirm with . or Enter, or press ? or * to list all spells.
Aiming: Magic Dart (safe; 1% risk of failure)
Press: ? - help, Shift-Dir - straight line, f/p - Grinder
Aim: Grinder (almost dead)
The magic dart hits Grinder but does no damage.
Grinder is almost dead.
Casting: Magic Dart (safe; 1% risk of failure)
Confirm with . or Enter, or press ? or * to list all spells.
You miscast Conjure Flame.
You are very lightly contaminated with residual magic.
Nothing appears to happen.
Grinder grins, showing sharp teeth.
Grinder gestures at you. Pain shoots through your body!
You die...
Kikubaaqudgha rasps: "You have failed me!
Welcome... death!"

########### #..[......#
#.........# #.........#####
####....>....†...##########
...#.......)....5.........#
.............###○########.#
.............# #@# #.#
...#.........# #)# #.#
>..#...).....# #.# #.#
...##.###.#### ... #.#
..###.# #.# ... #.# ..# #.#
#.# ..<.# #.# ..# #.# #.#
.#.## #.# ### #o####.#.#
#.# #5.o##... #.#


You could see Grinder.

Vanquished Creatures
  Harold (D:8)
  A centaur zombie (D:8)
  Prince Ribbit (D:7)
  Sigmund (D:6)
  2 hungry ghosts (D:8)
  An ice beast (D:5)
  2 orc warriors
  An ogre (D:7)
  A phantom (D:6)
  3 centaurs
  3 bullfrogs
  A gnoll sergeant (D:6)
  A wyvern zombie (D:8)
  2 scorpions
  4 killer bees (D:7)
  3 howler monkeys
  6 crimson imps
  4 jellies
  2 hounds
  2 bullfrog skeletons
  5 orc wizards
  4 orc priests
  Terence (D:2)
  3 iguanas
  4 worker ants
  A hound zombie (D:7)
  12 gnolls
  A river rat (D:6)
  11 adders
  3 shadow imps
  3 oozes
  An adder zombie (D:5)
  A worm (D:2)
  4 dart slugs
  6 leopard geckos
  19 orcs
  A ball python (D:1)
  4 giant cockroaches
  7 goblins
  5 hobgoblins
  13 jackals
  7 kobolds
  4 quokkas
  5 bats
  5 frilled lizards
  A jackal zombie (D:8)
  A leopard gecko skeleton (D:7)
  5 rats
179 creatures vanquished.

Vanquished Creatures (others)
  A gnoll (D:6)
1 creature vanquished.

Grand Total: 180 creatures vanquished

Notes
Turn   | Place    | Note
-------+----------+-------------------------------------------
     0 | D:1      | GameOver the Naga Wizard began the quest for the Orb.
     0 | D:1      | Reached XP level 1. HP: 15/15 MP: 4/4
   100 | D:1      | Reached XP level 2. HP: 22/22 MP: 4/6
   318 | D:1      | Found a sparkling altar of Nemelex Xobeh.
   689 | D:2      | Reached XP level 3. HP: 28/28 MP: 7/7
   693 | D:2      | Learned a level 2 spell: Blink
   697 | D:2      | Learned a level 3 spell: Mephitic Cloud
   769 | D:2      | Reached XP level 4. HP: 30/36 MP: 6/8
   787 | D:2      | Found a burning altar of Makhleb.
   841 | D:2      | Noticed Terence
   852 | D:2      | Killed Terence
   852 | D:2      | Reached skill level 1 in Poison Magic
   852 | D:2      | Reached XP level 5. HP: 42/42 MP: 7/9
   960 | D:2      | Reached skill level 5 in Conjurations
   977 | D:2      | Learned a level 3 spell: Conjure Flame
  1225 | D:2      | Found a radiant altar of Vehumet.
  1302 | D:2      | Reached XP level 6. HP: 49/49 MP: 8/10
  1579 | D:3      | Found a shattered altar of Ashenzari.
  1729 | D:3      | Found a snail-covered altar of Cheibriados.
  2073 | D:4      | Found a stormy altar of Qazlal.
  2688 | D:4      | Found a staircase to the Ecumenical Temple.
  2694 | Temple   | Entered the Ecumenical Temple
  2801 | Temple   | Became a worshipper of Kikubaaqudgha
  2847 | D:5      | Entered Level 5 of the Dungeon
  2860 | D:5      | Reached XP level 7. HP: 37/55 MP: 9/11
  3002 | D:5      | Reached skill level 4 in Stealth
  3002 | D:5      | Reached skill level 5 in Poison Magic
  3161 | D:5      | Reached skill level 1 in Necromancy
  3631 | D:6      | Noticed Sigmund
  3638 | D:6      | Killed Sigmund
  3638 | D:6      | Reached skill level 5 in Stealth
  3638 | D:6      | Reached XP level 8. HP: 62/62 MP: 8/13
  3662 | D:6      | Found a bloodstained altar of Trog.
  3685 | D:6      | Reached * piety under Kikubaaqudgha
  3685 | D:6      | Identified Kikubaaqudgha's Catalogue of Unholy Arts
                  | (Kikubaaqudgha gifted it to you on level 6 of the Dungeon)
  3685 | D:6      | Received a gift from Kikubaaqudgha
  3772 | D:6      | You fall into a shaft and drop 2 floors!
  3781 | D:8      | Reached skill level 6 in Stealth
  3818 | D:8      | Reached XP level 9. HP: 40/68 MP: 11/15
  3826 | D:8      | Reached skill level 7 in Stealth
  4055 | D:8      | Reached skill level 5 in Spellcasting
  4110 | D:8      | Reached skill level 8 in Stealth
  4243 | D:8      | Noticed Harold
  4264 | D:8      | Killed Harold
  4264 | D:8      | Reached skill level 9 in Stealth
  4264 | D:8      | Reached skill level 5 in Necromancy
  4306 | D:7      | Reached ** piety under Kikubaaqudgha
  4348 | D:7      | Reached skill level 10 in Stealth
  4348 | D:7      | Reached XP level 10. HP: 14/75 MP: 8/19
  4415 | D:7      | Noticed Prince Ribbit
  4423 | D:7      | Killed Prince Ribbit
  4428 | D:7      | Noticed Maggie
  4594 | D:6      | Noticed Grinder
  4604 | D:6      | Gained mutation: You have a pair of small horns on your
                  | head. [potion of mutation]
  4604 | D:6      | Gained mutation: You are agile. (Dex +2) [potion of
                  | mutation]
  4604 | D:6      | Gained mutation: Your muscles are strong. (Str +2) [potion
                  | of mutation]
  4631 | D:6      | Killed from afar by Grinder

Illustrated notes

Levels and vault maps discovered:
D:1:      dpeg_arrival_rhombus, layout_loops_ring, nemelex_diamond_rough_becter
D:2:      layout_loops_cross, makhleb_blood_cavern_becter, marbit_many_paths,
          hangedman_abyss_or_decor_lesser_grid, uniq_terence
D:3:      layout_rooms, kennysheep_slug_shrine, lemuel_crystal_altar,
          kennysheep_potato
D:4:      layout_gridville, nicolae_overflow_crystal_walls,
          minmay_temple_entry_fiery, first_ration
D:5:      layout_basic, kennysheep_dice
D:6:      layout_loops_ring, old_standard_altar, lightli_sewer_entry_pipes,
          uniq_menkaure, uniq_sigmund, uniq_grinder
D:7:      layout_cave_pools, hangedman_ru_absence, gammafunk_ghost_cemetery,
          uniq_maggie, uniq_prince_ribbit1
D:8:      layout_cave_pods, minmay_quadrilaterals, uniq_harold
Temple:   regret_index_temple_waves

Skill      XL: |  1  2  3  4  5  6  7  8  9 10 |
---------------+-------------------------------+-----
Conjurations   | 2 4 5 6 |  6.0
Poison Magic   | 1 2 4 6 8 9 |  9.0
Stealth        | 5 6 10 | 10.8
Necromancy     | 1 3 5 6 |  6.3
Spellcasting   | 4 6 |  6.7
Dodging        | |  1.5
Summonings     | |  1.0
Translocations | |  1.0

Action                   |  1- 3 |  4- 6 |  7- 9 | 10-12 || total
-------------------------+-------+-------+-------+-------++-------
Melee: Whip              |     6 |       |   100 |    34 ||   140
       Spear             |     2 |    11 |       |       ||    13
       Dagger            |       |    17 |    15 |       ||    32
 Cast: Magic Dart        |    19 |    88 |   101 |    64 ||   272
       Mephitic Cloud    |     2 |     5 |    19 |    16 ||    42
       Blink             |       |     3 |    31 |     2 ||    36
       Conjure Flame     |       |       |     8 |     1 ||     9
 Abil: Spit Poison       |    27 |    39 |    37 |    21 ||   124
  Use: Potion            |       |     1 |     5 |     2 ||     8
       Scroll            |       |       |     4 |       ||     4
 Stab: Confused          |       |     1 |     8 |     2 ||    11
  Eat: Chunk             |     1 |     8 |    13 |     2 ||    24
Armor: Robe              |       |    12 |    31 |     8 ||    51
Dodge: Dodged            |     8 |    35 |    90 |    22 ||   155
